 Dungeon Crawl Stone Soup version 0.22-a0-161-g198051c (webtiles) character file.

5780 vishdafish the Grappler (level 10, 0/96 HPs)
             Began as a Troll Hunter on Feb 11, 2018.
             Was a Priest of Yredelemnul.
             Slain by a killer bee (7 damage)
             ... on level 8 of the Dungeon.
             The game lasted 00:17:09 (5384 turns).

vishdafish the Grappler (Troll Hunter)              Turns: 5384, Time: 00:17:10

Health: 0/96       AC:  9    Str: 23    XL:     10   Next: 50%
Magic:  14/14      EV: 12    Int:  7    God:    Yredelemnul [***...]
Gold:   476        SH:  0    Dex: 12    Spells: 9/9 levels left

rFire    . . .     SeeInvis .     - Unarmed
rCold    . . .     Gourm    +   (no shield)
rNeg     . . .     Faith    .   G - +2 robe {MR+}
rPois    +         Spirit   .   (helmet restricted)
rElec    .         Reflect  .   n - +1 cloak {rPois}
rCorr    .         Harm     .   (gloves unavailable)
MR       +....                  (boots unavailable)
Stlth    ++........             (no amulet)
HPRegen  0.66/turn              k - ring of poison resistance
MPRegen  0.14/turn              x - ring of stealth

@: no status effects
A: large, unfitting armour, claws 3, fast metabolism 3, gourmand, regeneration
1, shaggy fur 1, tough skin 2
a: Recall Undead Slaves, Injury Mirror, Animate Dead, Renounce Religion


You were on level 8 of the Dungeon.
You worshipped Yredelemnul.
Yredelemnul was most pleased with you.
You were not hungry.

You visited 1 branch of the dungeon, and saw 8 of its levels.

You collected 476 gold pieces.

Inventory:

Hand Weapons
 a - a +0 short sword
 F - a +1 scimitar of flaming
Missiles
 c - a large rock (quivered)
 d - a throwing net
 w - 2 silver javelins
Armour
 b - a +0 robe
 n - a +1 cloak of poison resistance (worn)
 B - a +2 robe of fire resistance
 G - a +2 robe of magic resistance (worn)
Jewellery
 k - a ring of poison resistance (left claw)
 x - a ring of stealth (right claw)
Wands
 s - a wand of clouds (2)
Scrolls
 i - 2 scrolls of noise
 j - 5 scrolls of remove curse
 m - 4 scrolls of identify
 o - a scroll of enchant weapon {unknown}
 p - 2 scrolls of amnesia {unknown}
 t - a scroll of fear {unknown}
 y - 3 scrolls of teleportation {unknown}
 A - 2 scrolls of immolation {unknown}
 C - 2 scrolls of enchant armour {unknown}
Potions
 e - a potion of lignification {unknown}
 g - 3 potions of flight {unknown}
 h - 4 potions of brilliance {unknown}
 l - a potion of curing
 q - 3 potions of haste {unknown}
 r - a potion of resistance {unknown}
 z - 2 potions of magic {unknown}
 D - a potion of heal wounds {unknown}
 E - 2 potions of mutation {unknown}
Books
 u - a book of Maledictions

   Spells                             Type                      Level
   a - Corona                         Hexes                        1
   b - Ensorcelled Hibernation        Hexes/Ice                    2
   c - Confuse                        Hexes                        3
   d - Tukima's Dance                 Hexes                        3
   e - Dazzling Spray                 Conjuration/Hexes            3
 v - a book of Geomancy

   Spells                             Type                      Level
   a - Sandblast                      Earth                        1
   b - Passwall                       Transmutation/Earth          2
   c - Stone Arrow                    Conjuration/Earth            3
   d - Petrify                        Transmutation/Earth          4
   e - Lee's Rapid Deconstruction     Earth                        5
Comestibles
 f - 10 rations


   Skills:
 + Level 5.2 Fighting
 + Level 7.5 Throwing
 + Level 5.1 Dodging
 - Level 0.3 Stealth
 * Level 8.3 Unarmed Combat
 * Level 6.9 Invocations


You had 9 spell levels left.
You didn't know any spells.

Dungeon Overview and Level Annotations

Branches:
Dungeon (8/15)             Temple (0/1) D:7
   Lair: D:8-11

Altars:
Cheibriados
Dithmenos
Gozag
Hepliaklqana
Okawaru
Qazlal
Vehumet
Wu Jian
Xom
Yredelemnul


Innate Abilities, Weirdness & Mutations

You are too large for most types of armour.
You have claws for hands.
Your metabolism is lightning-fast.
You like to eat raw meat.
Your natural rate of healing is unusually fast.
You are covered in fur. (AC +1)
You have very tough skin. (AC +2)


Message History

You feel better.
The killer bee barely misses the freed slave.
The killer bee stings you.
* * * LOW HITPOINT WARNING * * *
The freed slave barely misses the killer bee.
The killer bee barely misses the freed slave.
The killer bee barely misses you.
Your two-headed ogre zombie completely misses the killer bee. x2
The freed slave closely misses the killer bee.
As you read the scroll labeled QUKKIS CURIOW, it crumbles to dust.
You hear a loud clanging noise!
It was a scroll of noise.
The killer bee completely misses you.
The killer bee stings you but does no damage.
The killer bee stings the freed slave but does no damage.
The killer bee stings you!
* * * LOW HITPOINT WARNING * * *
The killer bee closely misses you.
The freed slave hits the killer bee.
The killer bee stings you!
You die...
Your body rises from the dead as a mindless zombie.

............
...........##
............##
.............## #
.....(.y†.....##.#
.....Zpsp......#.#
..$..[yyy........#
.(....)@.[.......#
..[..............#
......p.......)..#
.................#
.................#
...............#.#
!.............## #
.............##
..........##


You could see a scorpion, 4 killer bees, 3 neutral freed slaves and a friendly
two-headed ogre zombie.

Vanquished Creatures
  Erica (D:8)
  2 two-headed ogres
  The ghost of Xoff the Skirmisher, a novice GrMo (D:6)
  A hippogriff (D:7)
  4 yaks (D:7)
  A sky beast (D:6)
  2 orc warriors
  2 ogres
  A phantom (D:7)
  The ghost of p0werm0de the Insei, an amateur OpGl (D:3)
  A centaur (D:5)
  3 bullfrogs
  A scorpion (D:4)
  6 killer bees (D:7)
  2 wights (D:7)
  A howler monkey (D:4)
  5 crimson imps
  3 orc priests
  4 hounds
  6 orc wizards
  Jessica (D:3)
  Ijyb (D:4)
  An iguana (D:6)
  10 worker ants
  A hound zombie (D:5)
  A hound skeleton (D:4)
  7 adders
  3 gnolls (D:5)
  A shadow imp (D:7)
  2 adder zombies (D:6)
  An adder skeleton (D:4)
  4 dart slugs
  A worm (D:4)
  5 leopard geckos
  20 orcs
  8 bats
  3 giant cockroaches
  4 goblins
  7 hobgoblins
  8 jackals
  5 kobolds
  A quokka (D:2)
  A ball python (D:3)
  3 frilled lizards
  A leopard gecko skeleton (D:6)
  A leopard gecko zombie (D:5)
  5 rats
154 creatures vanquished.

Vanquished Creatures (collateral kills)
  Pikel (D:8)
  Joseph (D:8)
  A black bear (D:8)
  3 killer bees
  A wight (D:7)
  2 orcs (D:8)
  A giant cockroach (D:7)
10 creatures vanquished.

Vanquished Creatures (others)
  A slave (D:8)
  A human zombie (D:8)
  A yak zombie (D:7)
  A killer bee zombie (D:7)
  A hound skeleton (D:8)
  A mummy (D:8)
  A goblin (D:2)
  4 orc zombies
11 creatures vanquished.

Grand Total: 175 creatures vanquished

Notes
Turn   | Place    | Note
-------+----------+-------------------------------------------
     0 | D:1      | vishdafish the Troll Hunter began the quest for the Orb.
     0 | D:1      | Reached XP level 1. HP: 19/19 MP: 0/0
   153 | D:1      | Reached XP level 2. HP: 20/28 MP: 1/1
   247 | D:1      | Reached skill level 1 in Unarmed Combat
   460 | D:1      | Reached XP level 3. HP: 35/35 MP: 2/2
   877 | D:2      | Found a basalt altar of Yredelemnul.
   904 | D:2      | Became a worshipper of Yredelemnul the Dark
  1366 | D:3      | Found an iron altar of Okawaru.
  1383 | D:3      | Noticed Jessica
  1390 | D:3      | Killed Jessica
  1390 | D:3      | Reached skill level 2 in Unarmed Combat
  1390 | D:3      | Reached XP level 4. HP: 42/42 MP: 3/3
  1412 | D:3      | Noticed p0werm0de's ghost (amateur OpGl)
  1422 | D:3      | Killed p0werm0de's ghost
  1422 | D:3      | Reached XP level 5. HP: 31/49 MP: 4/4
  1598 | D:3      | Found a shimmering altar of Xom.
  1727 | D:3      | Found a radiant altar of Vehumet.
  1967 | D:4      | Found a stormy altar of Qazlal.
  2056 | D:4      | Reached skill level 3 in Unarmed Combat
  2079 | D:4      | Found a hazy altar of Hepliaklqana.
  2184 | D:4      | Reached XP level 6. HP: 50/59 MP: 5/5
  2248 | D:4      | Found an ornate altar of the Wu Jian Council.
  2249 | D:4      | Noticed Ijyb
  2253 | D:4      | Reached * piety under Yredelemnul
  2258 | D:4      | Killed Ijyb
  2258 | D:4      | Reached skill level 5 in Throwing
  2483 | D:4      | Reached skill level 1 in Invocations
  2620 | D:4      | Reached XP level 7. HP: 55/66 MP: 5/7
  2695 | D:4      | Reached skill level 4 in Unarmed Combat
  2919 | D:5      | Entered Level 5 of the Dungeon
  3036 | D:5      | Found a shadowy altar of Dithmenos.
  3104 | D:5      | Found a snail-covered altar of Cheibriados.
  3166 | D:5      | Noticed a two-headed ogre
  3169 | D:5      | Killed a two-headed ogre
  3169 | D:5      | Reached skill level 5 in Unarmed Combat
  3169 | D:5      | Reached XP level 8. HP: 75/75 MP: 7/9
  3432 | D:5      | Found an opulent altar of Gozag.
  3434 | D:5      | Reached ** piety under Yredelemnul
  4094 | D:6      | Reached skill level 6 in Unarmed Combat
  4135 | D:6      | Reached XP level 9. HP: 84/84 MP: 11/11
  4246 | D:6      | Noticed Xoff's ghost (novice GrMo)
  4255 | D:6      | Killed Xoff's ghost
  4540 | D:7      | Reached skill level 5 in Invocations
  4610 | D:7      | Reached skill level 7 in Unarmed Combat
  4817 | D:7      | Reached *** piety under Yredelemnul
  4986 | D:7      | Reached XP level 10. HP: 83/94 MP: 13/13
  5035 | D:7      | Found a staircase to the Ecumenical Temple.
  5309 | D:8      | Noticed a two-headed ogre
  5312 | D:8      | Noticed Erica
  5313 | D:8      | Killed a two-headed ogre
  5332 | D:8      | Killed Erica
  5332 | D:8      | Reached skill level 5 in Fighting
  5332 | D:8      | Reached skill level 5 in Dodging
  5332 | D:8      | Reached skill level 8 in Unarmed Combat
  5362 | D:8      | Noticed Joseph
  5362 | D:8      | Noticed Pikel
  5370 | D:8      | Killed Pikel
  5371 | D:8      | Received a gift from Yredelemnul (a mummy)
  5377 | D:8      | Killed Joseph
  5380 | D:8      | Your ally Erica died
  5384 | D:8      | Slain by a killer bee

Vault maps used:
D:1:      erik_arrival_blinker_ship
D:2:      nicolae_overflow_crystal_walls, lemuel_flame_loot_1
D:3:      fiery_altar_vehumet, brannock_xom_greatest_gift,
          okawaru_ov_weapons_minmay, uniq_jessica
D:4:      overflow_temple_1_default, chequers_temple_overflow_statue_of_worship,
          first_ration, kennysheep_generic_room_14, uniq_ijyb
D:5:      lemuel_coloured_pillars_altar, grunt_dithmenos_smoke_and_mirrors,
          kennysheep_slug_shrine
D:7:      minmay_temple_entry_nine_rooms
D:8:      nemelex_xobeh_ov_fountains_minmay, uniq_joseph, uniq_erica,
          uniq_gastronok, uniq_pikel

Skill      XL: |  1  2  3  4  5  6  7  8  9 10 |
---------------+-------------------------------+-----
Unarmed Combat | 1 2 3 5 6 7 8 |  8.3
Throwing       | 4 5 6 7 |  7.5
Fighting       | 2 3 4 5 |  5.2
Dodging        | 2 3 4 5 |  5.1
Invocations    | 1 3 4 6 |  6.9
Stealth        | |  0.3

Action                   |  1- 3 |  4- 6 |  7- 9 | 10-12 || total
-------------------------+-------+-------+-------+-------++-------
Melee: Short sword       |   154 |       |       |       ||   154
       Unarmed           |    10 |   110 |   283 |    45 ||   448
       Punch             |       |     4 |     7 |     2 ||    13
Throw: Large rock        |       |     5 |    14 |     7 ||    26
       Throwing net      |       |       |     5 |       ||     5
Invok: Animate Remains   |       |       |     4 |       ||     4
       Animate Dead      |       |       |       |     3 ||     3
Evoke: Wand              |       |       |     1 |       ||     1
  Use: Potion            |       |       |       |     3 ||     3
       Scroll            |       |       |       |     2 ||     2
 Stab: Sleeping          |       |     1 |     3 |       ||     4
       Distracted        |       |       |     1 |       ||     1
       Held in net/web   |       |       |     3 |       ||     3
  Eat: Chunk             |     8 |    12 |    28 |     2 ||    50
       Ration            |     1 |       |       |       ||     1
Armor: Robe              |    80 |    39 |    76 |    10 ||   205
Dodge: Dodged            |   117 |    39 |   167 |    24 ||   347

Table legend:
 A = Spawn XP
 B = Non-spawn XP
 C = Spawn XP percentage of total XP
 D = Spawn monster count
 E = Non-spawn monster count
 F = Spawn count percentage of total count
 G = Total turns spent on level
                    A         B        C        D         E        F      G
               +---------+---------+-------+---------+---------+-------+---------
         Total |       0 |    8258 |   0.0 |       0 |     164 |   0.0 |  5384
               +---------+---------+-------+---------+---------+-------+---------
           D:1 |       0 |      45 |   0.0 |       0 |      23 |   0.0 |   746
           D:2 |       0 |      32 |   0.0 |       0 |       5 |   0.0 |   559
           D:3 |       0 |     232 |   0.0 |       0 |      22 |   0.0 |   658
           D:4 |       0 |     596 |   0.0 |       0 |      23 |   0.0 |   956
           D:5 |       0 |    1344 |   0.0 |       0 |      27 |   0.0 |   964
           D:6 |       0 |    1202 |   0.0 |       0 |      21 |   0.0 |   563
           D:7 |       0 |    2133 |   0.0 |       0 |      29 |   0.0 |   720
           D:8 |       0 |    2674 |   0.0 |       0 |      14 |   0.0 |   218
               +---------+---------+-------+---------+---------+-------+---------
